 Dungeon Crawl Stone Soup version 0.17-a0-2055-gb4e23be (webtiles) character file.

5856 jalm the Impaler (level 10, -1/82 HPs)
             Began as a Merfolk Gladiator on Oct 11, 2015.
             Was a Priest of Okawaru.
             Slain by a troll (8 damage)
             ... on level 9 of the Dungeon on Oct 12, 2015.
             The game lasted 00:33:35 (9786 turns).

jalm the Impaler (Merfolk Gladiator)                Turns: 9786, Time: 00:33:35

Health: -1/82      AC:  7    Str: 16    XL:     10   Next: 81%
Magic:  10/10      EV: 13    Int:  7    God:    Okawaru [***...]
Gold:   343        SH:  0    Dex: 18    Spells: 0 memorised, 9 levels left

rFire  . . .     SeeInvis +     a - +0 trident
rCold  . . .     Clarity  .     K - +3 leather armour
rNeg   . . .     SustAt   .     (no shield)
rPois  .         Gourm    .     c - +0 helmet
rElec  .         Spirit   .     (no cloak)
rCorr  .         Warding  .     (no gloves)
rMut   .         Stasis   .     (no boots)
MR     +....                    (no amulet)
Stlth  +.........               C - ring of protection from magic
                                k - ring of see invisible

@: somewhat resistant to hostile enchantments, very unstealthy
A: change form in water, swift swim
a: Heroism, Renounce Religion


You were on level 9 of the Dungeon.
You worshipped Okawaru.
Okawaru was most pleased with you.
You were not hungry.

You visited 2 branches of the dungeon, and saw 10 of its levels.
You also visited: Ossuary.

You collected 343 gold pieces.

Inventory:

Hand Weapons
 a - a +0 trident (weapon)
 P - a +0 bardiche
Missiles
 r - 2 javelins (quivered)
 Q - 4 tomahawks
Armour
 b - a +0 leather armour
 c - a +0 helmet (worn)
 K - a +3 leather armour (worn)
Jewellery
 k - a ring of see invisible (left hand)
 C - a ring of protection from magic (right hand)
 E - an uncursed ring of protection from fire
 F - an uncursed amulet of warding {unknown}
Wands
 t - a wand of teleportation (3)
 O - a wand of fire (10)
Scrolls
 f - 2 scrolls of remove curse
 g - 2 scrolls of identify
 h - 2 scrolls of fear
 j - 2 scrolls of enchant weapon {unknown}
 p - a scroll of recharging {unknown}
 q - 7 scrolls of amnesia
 w - 2 scrolls of noise {unknown}
 y - 5 scrolls of teleportation
 H - a scroll of magic mapping {unknown}
 I - a scroll of random uselessness {unknown}
Potions
 i - 4 potions of curing {unknown}
 l - 4 potions of cure mutation {unknown}
 m - 2 potions of invisibility {unknown}
 n - 4 potions of heal wounds {unknown}
 s - a potion of mutation {unknown}
 u - 3 potions of degeneration {unknown}
 v - 2 potions of agility {unknown}
 x - a potion of magic {unknown}
 z - a potion of ambrosia {unknown}
 A - 3 potions of haste {unknown}
 B - 2 potions of might {unknown}
 J - a potion of lignification {unknown}
 L - a potion of brilliance {unknown}
 M - a potion of resistance {unknown}
Books
 G - a book of Flames

   Spells                             Type                      Level
   a - Flame Tongue                   Conjuration/Fire             1
   b - Throw Flame                    Conjuration/Fire             2
   c - Conjure Flame                  Conjuration/Fire             3
   d - Inner Flame                    Hexes/Fire                   3
   e - Sticky Flame                   Conjuration/Fire             4
   f - Fireball                       Conjuration/Fire             5
 N - Sif Muna's Collected Works on the Escort
   (You found it on level 6 of the Dungeon)

   Spells                             Type                      Level
   a - Summon Small Mammal            Summoning                    1
 S - a book of Dreams

   Spells                             Type                      Level
   a - Ensorcelled Hibernation        Hexes/Ice                    2
   b - Phase Shift                    Translocation                5
   c - Shadow Creatures               Summoning                    5
   d - Silence                        Hexes/Air                    5
   e - Darkness                       Hexes                        6
   f - Mass Confusion                 Hexes                        6
Comestibles
 e - 6 bread rations
 o - 5 meat rations
 D - 2 fruits


   Skills:
 * Level 8.8 Fighting
 - Level 16.1 Polearms
 - Level 4.4 Throwing
 + Level 9.0 Dodging


You had 9 spell levels left.
You didn't know any spells.

Dungeon Overview and Level Annotations

Branches:
Dungeon (9/15)             Temple (1/1) D:7
   Lair: D:8-11         Orc: D:9-12

Altars:
Ashenzari
Cheibriados
Dithmenos
Elyvilon
Fedhas
Gozag
Kikubaaqudgha
Makhleb
Nemelex Xobeh
Okawaru
Qazlal
Ru
Sif Muna
Trog
Vehumet
Xom
Yredelemnul
Zin
The Shining One

Shops:
D:7 *=:%


Message History

You completely miss the troll.
The troll is severely wounded.
The troll struggles against the net.
You hit the troll but do no damage.
The troll is severely wounded.
The troll struggles against the net.
The net rips apart, and the troll comes free!
You hit the troll but do no damage.
The troll is severely wounded.
You hit the troll.
The troll is almost dead.
The troll bites you!
* * * LOW HITPOINT WARNING * * *
The troll claws you.
* * * LOW HITPOINT WARNING * * *
The troll claws you!
* * * LOW HITPOINT WARNING * * *
There is a stone staircase leading up here.
The troll bites you!
You die...

.# #.# #.# #.# #.#
#.#####.#
.#....@#.########
...)....T.........
#.#######.#.......
#.#(......
#.........
..W..(...(.....
.###.###.......
... ....... #.#
.......


You could see a troll.

Vanquished Creatures
  Erica (D:8)
  Joseph (D:6)
  The ghost of Zadeon the Cudgeler, an amateur FoFi (D:9)
  The ghost of porpoise the Chiller, an amateur OpIE (D:6)
  3 yaks
  The ghost of Sagittarian the Skirmisher, an amateur DsAK of Lugonu (D:7)
  A hungry ghost (D:7)
  Menkaure (D:7)
  2 ogres
  A black bear (D:6)
  3 sky beasts
  2 orc warriors
  3 phantoms
  A necrophage (D:5)
  3 centaurs
  7 giant frogs
  The ghost of admarant the Sneak, an amateur VSAs (D:3)
  7 scorpions
  2 quasits (D:7)
  A jelly (D:7)
  4 crimson imps
  A giant frog zombie (D:9)
  4 orc priests
  6 centaur zombies
  9 orc wizards
  3 hounds
  3 human zombies (Ossuary)
  4 worker ants
  An iguana (D:8)
  2 big kobold zombies (Ossuary)
  A hound skeleton (D:5)
  3 mummies
  2 worker ant zombies
  Robin (D:3)
  A gnoll (D:1)
  A scorpion zombie (Ossuary)
  7 adders
  3 shadow imps
  2 river rats (D:5)
  3 oozes
  4 adder skeletons
  An adder zombie (D:8)
  A worm (D:5)
  8 giant geckos
  24 orcs
  9 giant cockroaches
  2 gnoll zombies (Ossuary)
  15 goblins
  11 hobgoblins
  4 jackals (D:6)
  9 bats
  A giant gecko skeleton (D:4)
  2 giant gecko zombies
  6 giant newts
  3 goblin zombies (Ossuary)
  2 hobgoblin zombies (Ossuary)
  11 kobolds
  A kobold zombie (Ossuary)
  An orc zombie (Ossuary)
  2 quokkas
  A quokka skeleton (D:5)
  7 rats
  A spectral orc (D:7)
230 creatures vanquished.

Vanquished Creatures (others)
  A mummy (Ossuary)
  A gnoll zombie (Ossuary)
2 creatures vanquished.

Grand Total: 232 creatures vanquished

Notes
Turn   | Place    | Note
--------------------------------------------------------------
     0 | D:1      | jalm the Merfolk Gladiator began the quest for the Orb.
     0 | D:1      | Reached XP level 1. HP: 16/16 MP: 1/1
    30 | D:1      | Reached skill level 5 in Polearms
    30 | D:1      | Reached XP level 2. HP: 22/22 MP: 2/2
   151 | D:1      | Reached skill level 6 in Polearms
   151 | D:1      | Reached XP level 3. HP: 27/27 MP: 3/3
   844 | D:2      | Found an ancient bone altar of Kikubaaqudgha.
  1084 | D:2      | Reached XP level 4. HP: 33/33 MP: 4/4
  1300 | D:2      | Reached skill level 7 in Polearms
  1434 | D:3      | Noticed admarant's ghost (amateur VSAs)
  1447 | D:3      | Killed admarant's ghost
  1447 | D:3      | Reached skill level 8 in Polearms
  1447 | D:3      | Reached XP level 5. HP: 27/38 MP: 5/5
  1473 | D:3      | Found a sparkling altar of Nemelex Xobeh.
  1739 | D:3      | Found a blossoming altar of Fedhas.
  1790 | D:3      | Noticed Robin
  1805 | D:3      | Killed Robin
  1810 | D:3      | Reached skill level 9 in Polearms
  2200 | D:4      | Reached XP level 6. HP: 24/44 MP: 6/6
  2264 | D:4      | Noticed an ogre
  2281 | D:4      | HP: 1/44 [ogre/giant club (24)]
  2282 | D:4      | Killed an ogre
  2282 | D:4      | Reached skill level 10 in Polearms
  2413 | D:4      | Found a sand-covered staircase.
  2567 | Ossuary  | Entered an ossuary
  2734 | Ossuary  | Reached XP level 7. HP: 36/50 MP: 7/7
  2762 | Ossuary  | Reached skill level 11 in Polearms
  3268 | Ossuary  | Reached skill level 12 in Polearms
  3657 | Ossuary  | Reached XP level 8. HP: 28/56 MP: 8/8
  4099 | D:4      | Noticed a phantom
  4142 | D:4      | Killed a phantom
  4142 | D:4      | Reached skill level 13 in Polearms
  4635 | D:5      | Entered Level 5 of the Dungeon
  5012 | D:5      | Reached skill level 14 in Polearms
  5295 | D:5      | Found a glowing drain.
  5734 | D:5      | Reached XP level 9. HP: 47/66 MP: 9/9
  5846 | D:6      | Reached skill level 15 in Polearms
  5852 | D:6      | Noticed porpoise's ghost (amateur OpIE)
  5876 | D:6      | Killed porpoise's ghost
  5876 | D:6      | Reached skill level 5 in Fighting
  6141 | D:6      | Found a deep blue altar of Sif Muna.
  6982 | D:6      | Identified Sif Muna's Collected Works on the Escort
  7119 | D:7      | Found Qexkeoji's Food Emporium.
  7119 | D:7      | Noticed Sagittarian's ghost (amateur DsAK)
  7152 | D:7      | Found a sparkling altar of Nemelex Xobeh.
  7183 | D:7      | Found a staircase to the Ecumenical Temple.
  7229 | Temple   | Entered the Ecumenical Temple
  7291 | Temple   | Became a worshipper of Warmaster Okawaru
  7343 | D:7      | Reached skill level 16 in Polearms
  7355 | D:7      | Found Maufyixo's Jewellery Shoppe.
  7393 | D:7      | Found Gabofuul's Book Shop.
  7522 | D:7      | Killed Sagittarian's ghost
  7577 | D:7      | Noticed Menkaure
  7592 | D:7      | Killed Menkaure
  7592 | D:7      | Reached skill level 5 in Dodging
  7599 | D:7      | Found Qilex's General Store.
  7605 | D:7      | Noticed Joseph
  7658 | D:6      | Killed Joseph
  7658 | D:6      | Acquired Okawaru's first power
  7658 | D:6      | Reached XP level 10. HP: 31/77 MP: 10/10
  7989 | D:7      | Found a basalt altar of Yredelemnul.
  8157 | D:8      | Found a shadowy altar of Dithmenos.
  8206 | D:8      | Noticed Erica
  8223 | D:8      | Killed Erica
  8531 | D:8      | Found a glowing golden altar of the Shining One.
  8532 | D:8      | Found a snail-covered altar of Cheibriados.
  8532 | D:8      | Found a shimmering altar of Xom.
  9739 | D:9      | Noticed Zadeon's ghost (amateur FoFi)
  9770 | D:9      | Killed Zadeon's ghost
  9786 | D:9      | Slain by a troll

Vault maps used:
D:1:      onia_arrival_pentagram
D:2:      kiku_gazebo_pond_becter
D:3:      nicolae_overflow_crystal_walls, first_bread, fedhas_altar_2,
          uniq_robin
D:4:      gup_ossuary_entry_pyramid, hangedman_decor_growths
D:5:      gup_sewer_entry_bubbles, dk_rats_in_the_wall
D:6:      led_sif_book
D:7:      yredelemnul_forgotten_temple_becter, minmay_temple_entry_large_hall,
          basic_altar, serial_shops, shop, shop, nicolae_shop_statue_plus,
          shop_fountains, uniq_menkaure, uniq_joseph
D:8:      minitemple, nicolae_dithmenos_through_a_glass_darkly, uniq_erica
D:9:      david_lair_shrubbed
Temple:   circular_temple_12
Ossuary:  ossuary_minmay_scorpions

Action                   |  1- 3 |  4- 6 |  7- 9 | 10-12 || total
-------------------------+-------+-------+-------+-------++-------
Melee: Trident           |   115 |   180 |   632 |   278 ||  1205
Throw: Throwing net      |       |     6 |     6 |     3 ||    15
       Tomahawk          |       |       |    22 |       ||    22
       Javelin           |       |       |       |     9 ||     9
Invok: Heroism           |       |       |       |     1 ||     1
Evoke: Wand              |       |       |     1 |       ||     1
  Use: Scroll            |       |       |     6 |       ||     6
 Stab: Sleeping          |       |     2 |     1 |       ||     3
       Held in net/web   |       |     3 |     3 |     3 ||     9
       Distracted        |       |       |     1 |     1 ||     2
  Eat: Chunk             |     1 |     4 |    15 |     7 ||    27
       Bread ration      |       |       |     1 |       ||     1
